AoeStats
← Kitiastri

African Clearing

505090418Analyzed
4v4 RM · 24d ago on Sep 7, 2026· 57m 5s· 8 players
Game mode
Random Map
Map size
Large (8 player)
Population
200
Speed
Normal
Resources
Standard
Victory
Conquest
Starting age
Dark Age
Ending age
Imperial Age
RankedLock teamsTeams togetherTeam positionsShared explorationLock speedFull tech treeHidden civsTurbo modeCheats
Victory
Defeat
🇹🇷 Spanish · Türkiye
1559
+11
🇹🇷 Tatars · Türkiye
1494
+13
🇹🇷 Berbers · Türkiye
1414
+16
🇹🇷 Huns · Türkiye
1283
+22
🇵🇹 Persians · Portugal
1508
-19
🇬🇧 Vikings · United Kingdom
1423
-15
🇦🇷 Huns · Argentina
1409
-15
🇨🇱 Burmese · Chile
1370
-13
salimco
10:16 Loom
12:03 Feudal Age
13:46 Double-Bit Axe
16:48 Castle Age
14:47 Stone Mining
15:51 Town Watch
18:25 Fletching
24:51 Padded Archer Armor
32:19 Leather Archer Armor
38:22 Imperial Age
37:32 Bow Saw
38:23 Wheelbarrow
38:33 Scale Barding Armor
38:51 Forging
39:49 Conscription
41:00 Husbandry
41:40 Bloodlines
45:30 Ring Archer Armor
47:09 Elite Conquistador
51:48 Bodkin Arrow
52:11 Hand Cart
52:59 Bracer
54:21 Chemistry
54:08 Gold Mining
57:11 Chain Barding Armor
57:02 Forging
56:14 Light Cavalry
Sigismund
6:05 Loom
13:00 Feudal Age
18:32 Castle Age
16:46 Double-Bit Axe
17:26 Fletching
21:44 Wheelbarrow
24:44 Bodkin Arrow
26:54 Gold Mining
28:02 Ballistics
28:34 Bow Saw
31:02 Hand Cart
32:38 Bloodlines
32:28 Husbandry
34:32 Thumb Ring
38:30 Imperial Age
41:41 Chemistry
41:58 Conscription
41:39 Bracer
45:09 Elite Camel Archer
46:57 Maghrebi Camels
47:24 Stone Mining
48:21 Kasbah
48:26 Padded Archer Armor
48:59 Scale Barding Armor
49:32 Town Watch
51:38 Hoardings
52:33 Leather Archer Armor
52:29 Forging
56:17 Heavy Camel Rider
Hiptwisted
6:40 Loom
15:51 Feudal Age
20:16 Castle Age
18:23 Double-Bit Axe
19:44 Horse Collar
20:23 Gold Mining
22:09 Fletching
23:37 Padded Archer Armor
24:37 Husbandry
30:16 Wheelbarrow
29:35 Town Watch
32:01 Hand Cart
32:20 Ballistics
33:32 Heavy Plow
33:59 Bloodlines
34:03 Bow Saw
40:34 Imperial Age
40:39 Thumb Ring
41:44 Parthian Tactics
40:48 Heavy Cavalry Archer
44:37 Bodkin Arrow
45:00 Leather Archer Armor
47:44 Chemistry
52:45 Light Cavalry
53:30 Bracer
53:36 Scale Barding Armor
53:42 Forging
MKD
5:07 Loom
6:31 Loom
14:02 Feudal Age
20:09 Castle Age
18:21 Double-Bit Axe
18:35 Gold Mining
19:03 Fletching
22:36 Wheelbarrow
22:27 Bodkin Arrow
27:44 Padded Archer Armor
27:57 Bloodlines
29:18 Leather Archer Armor
31:01 Ballistics
30:41 Town Watch
46:22 Imperial Age
44:08 Hand Cart
44:07 Bow Saw
44:46 Gold Shaft Mining
44:06 Horse Collar
44:45 Stone Mining
45:09 Forging
45:04 Scale Barding Armor
45:02 Husbandry
47:37 Conscription
46:43 Elite Keshik
47:27 Capped Ram
49:16 Chain Barding Armor
49:38 Iron Casting
49:36 Siege Ram
52:34 Blast Furnace
52:10 Plate Barding Armor
Combi | Papin
6:10 Loom
12:36 Feudal Age
22:53 Castle Age
21:10 Double-Bit Axe
21:25 Horse Collar
23:43 Bow Saw
26:06 Bloodlines
31:36 Scale Barding Armor
34:00 Chain Barding Armor
36:21 Gold Mining
38:51 Fletching
45:44 Bodkin Arrow
Diegote
3:25 Loom
13:40 Feudal Age
17:39 Castle Age
17:27 Gold Mining
41:47 Wheelbarrow
46:31 Imperial Age
48:08 Conscription
55:10 Hand Cart
54:58 Fletching
55:10 Padded Archer Armor
Kitiastri
6:05 Loom
6:59 Loom
13:35 Feudal Age
17:48 Castle Age
16:31 Scale Mail Armor
16:41 Forging
16:04 Man-at-Arms
17:50 Long Swordsman
18:51 Horse Collar
19:58 Gambesons
20:14 Squires
21:47 Chain Mail Armor
24:13 Forging
NotResignFast
12:36 Feudal Age
16:24 Castle Age
14:29 Double-Bit Axe
14:56 Loom
17:44 Bow Saw
23:27 Gold Mining
23:58 Stone Mining
29:26 Imperial Age
27:59 Wheelbarrow
28:02 Marauders
30:00 Scale Barding Armor
31:37 Bloodlines
31:36 Horse Collar
32:26 Chain Barding Armor
33:12 Forging
34:16 Husbandry
35:36 Plate Barding Armor
37:24 Heavy Plow
37:54 Fletching
39:19 Iron Casting
39:13 Ballistics
39:22 Hand Cart
41:12 Conscription
42:14 Chemistry
42:33 Elite Tarkan
46:51 Blast Furnace
49:05 Bodkin Arrow
50:01 Coinage
50:56 Two-Man Saw
52:55 Masonry
55:05 Clinker Construction
Connection lost

Rejoining the realm…

Still unreachable

The connection could not be restored.

Session expired

The server has moved on; the page needs a fresh start.